 Dungeon Crawl Stone Soup version 0.25-a0-578-gc91f01c39c (webtiles) character file.

Game seed: 13692976533636210180, levelgen mode: deterministic

224 surprisetrex the Firebug (level 5, 0/44 HPs)
             Began as a Draconian Fire Elementalist on Mar 5, 2020.
             Killed from afar by Natasha (8 damage)
             ... with a puff of flame
             ... on level 3 of the Dungeon.
             The game lasted 00:11:03 (2944 turns).

surprisetrex the Firebug (DrFE)                     Turns: 2944, Time: 00:11:04

Health: 0/44       AC:  5    Str: 10    XL:     5   Next: 67%
Magic:  1/8        EV: 12    Int: 16    God:
Gold:   94         SH:  4    Dex: 12    Spells: 4/8 levels left

rFire    . . .     SeeInvis .   a - +0 spear
rCold    . . .     Gourm    .   (no shield)
rNeg     . . .     Faith    .   (armour unavailable)
rPois    .         Spirit   .   (helmet restricted)
rElec    .         Reflect  +   c - scarf {cloud immunity}
rCorr    .         Harm     .   (no gloves)
MR       .....                  (no boots)
Stlth    ++........             h - +4 amulet of reflection
HPRegen  0.14/turn              (no ring)
MPRegen  0.11/turn              (no ring)

@: no status effects
A: unfitting armour, cold-blooded, AC +5
a: no special abilities


You were on level 3 of the Dungeon.
You were not hungry.

You visited 1 branch of the dungeon, and saw 3 of its levels.

You collected 94 gold pieces.

Inventory:

Hand Weapons
 a - a +0 spear (weapon)
Missiles
 l - 5 poisoned darts (quivered)
Armour
 c - a scarf of cloud immunity (worn)
 k - a +0 tower shield
Jewellery
 h - a +4 amulet of reflection (around neck)
Scrolls
 g - 4 scrolls of remove curse {unknown}
 i - a scroll of fog {unknown}
 j - a scroll of teleportation {unknown}
 o - a scroll of blinking {unknown}
Potions
 d - a potion of cancellation {unknown}
 e - a potion of curing
 f - a potion of heal wounds {unknown}
 m - a potion of mutation {unknown}
Comestibles
 b - 2 rations
 n - 5 chunks of flesh


   Skills:
 + Level 2.8 Fighting
 - Level 1.7 Dodging
 - Level 1.7 Stealth
 - Level 2.0 Spellcasting
 + Level 4.0 Conjurations
 + Level 4.1 Fire Magic


You had 4 spell levels left.
You knew the following spells:

 Your Spells              Type           Power        Failure   Level  Hunger
a - Foxfire               Conj/Fire      ##..         3%          1    #......
b - Conjure Flame         Conj/Fire      ##......     12%         3    ###....

Your spell library contained the following spells:

 Spells                   Type           Power        Failure   Level  Hunger
 Magic Dart               Conj           ##..         4%          1    #......
 Inner Flame              Hex/Fire       #.......     26%         3    ###....
 Blink                    Tloc           N/A          30%         2    ###....
 Call Imp                 Summ           #.......     30%         2    ###....
 Slow                     Hex            #.......     30%         2    ###....
 Mephitic Cloud           Conj/Pois/Air  #.......     34%         3    ###....
 Sticky Flame             Conj/Fire      ##......     36%         4    #####..
 Fireball                 Conj/Fire      ##........   71%         5    ######.


Dungeon Overview and Level Annotations

Branches:
Dungeon (3/15)

Altars:

Annotations:
D:3 Natasha


Innate Abilities, Weirdness & Mutations

Your plain brown scales are hard. (AC +5)
You cannot fit into any form of body armour.
You are cold-blooded and may be slowed by cold attacks.


Message History

The magic dart hits you.
* * * LOW HITPOINT WARNING * * *
Your foxfire dissipates!
The foxfire hits Natasha but does no damage.
Casting: Foxfire (safe; 3% risk of failure)
Confirm with . or Enter, or press ? or * to list all spells.
You conjure some foxfire!
Natasha stares at you and mumbles some strange words.
You resist with some effort.
Your foxfire dissipates!
Natasha zaps a wand.
The puff of flame hits you!
* * * LOW HITPOINT WARNING * * *
Casting: Foxfire (safe; 3% risk of failure)
Confirm with . or Enter, or press ? or * to list all spells.
You don't have enough magic to cast that spell.
Casting: Foxfire (safe; 3% risk of failure)
Confirm with . or Enter, or press ? or * to list all spells.
You don't have enough magic to cast that spell.
Natasha zaps a wand.
The puff of flame hits you!
You die...

################(#.# #.# #.##..##
...............#.#.# ... #.##..##
#######..#####.#.#.#######)##..##
.........## #.#.#.........[...##
.<........####.#.##.....##.#...##
.....>.........#.#......+..#...##
...........#####.#......####...##
########'#.....#.#..^...####...##
# #.....#.#@.......'....<.##
##########.###.#........####.#.##
...............#h.......# #.#+##
###########.####c#.###### #.....
........c....#.# #.....
#######(######.# #.....
#(.((..#.# #..... ######.# #.....
... #.....


You could see a centaur and Natasha.

Vanquished Creatures
  An orc priest (D:3)
  An orc wizard (D:3)
  Jessica (D:2)
  6 adders
  2 worms
  3 dart slugs
  3 leopard geckos
  4 orcs (D:3)
  A ball python (D:1)
  7 bats
  5 giant cockroaches
  11 goblins
  8 hobgoblins
  2 jackals (D:2)
  4 frilled lizards
  6 kobolds (D:1)
  4 rats
69 creatures vanquished.

Vanquished Creatures (others)
  158 foxfires
158 creatures vanquished.

Grand Total: 227 creatures vanquished

Notes
Turn   | Place    | Note
-------+----------+-------------------------------------------
     0 | D:1      | surprisetrex the Draconian Fire Elementalist began the
                  | quest for the Orb.
     0 | D:1      | Reached XP level 1. HP: 14/14 MP: 3/3
   304 | D:1      | Reached XP level 2. HP: 22/22 MP: 1/5
   478 | D:1      | Reached skill level 1 in Fighting
   827 | D:1      | Reached XP level 3. HP: 28/28 MP: 3/6
   994 | D:2      | Learned a level 3 spell: Conjure Flame
  1224 | D:2      | Reached XP level 4. HP: 36/36 MP: 3/7
  1318 | D:2      | Noticed Jessica
  1335 | D:2      | Killed Jessica
  2006 | D:3      | Noticed a centaur
  2287 | D:3      | Reached XP level 5. HP: 41/41 MP: 6/8
  2917 | D:3      | Noticed Natasha
  2944 | D:3      | Killed from afar by Natasha

Levels and vault maps discovered:
D:1:      wander_arrival_estate, layout_basic
D:2:      layout_rooms, uniq_jessica
D:3:      minmay_chambers_of_threes, layout_basic, kennysheep_generic_room_10,
          uniq_crazy_yiuf_cottage, uniq_natasha

Skill      XL: |  1  2  3  4  5 |
---------------+----------------+-----
Fighting       | 1 2 |  2.8
Conjurations   | 2 3 4 |  4.0
Fire Magic     | 4 |  4.1
Dodging        | |  1.7
Stealth        | |  1.7
Spellcasting   | |  2.0

Action                   |  1- 3 |  4- 6 || total
-------------------------+-------+-------++-------
Melee: Unarmed           |     4 |       ||     4
       Whip              |    22 |       ||    22
       Tailslap          |     2 |     6 ||     8
       Spear             |    13 |    89 ||   102
 Cast: Foxfire           |    49 |    59 ||   108
       Conjure Flame     |       |     4 ||     4
  Use: Potion            |       |     2 ||     2
 Stab: Sleeping          |     1 |     2 ||     3
  Eat: Chunk             |     2 |     7 ||     9
Armor: Skin              |    11 |    20 ||    31
Dodge: Dodged            |    25 |    50 ||    75
Block: Other             |     4 |    10 ||    14
       Reflection        |       |     1 ||     1

Table legend:
 A = Non-vault XP
 B = Vault XP
 C = Vault XP percentage of total XP
 D = Non-vault monster count
 E = Vault monster count
 F = Vault count percentage of total count
                 A         B        C        D         E       F
            +---------+---------+-------+---------+---------+-------
      Total |     276 |      44 |  13.8 |      66 |       3 |   4.3
            +---------+---------+-------+---------+---------+-------
        D:1 |      45 |       0 |   0.0 |      25 |       0 |   0.0
        D:2 |      88 |      37 |  29.6 |      26 |       1 |   3.7
        D:3 |     143 |       7 |   4.7 |      15 |       2 |  11.8
            +---------+---------+-------+---------+---------+-------
